 Dungeon Crawl Stone Soup version 0.29-a0-468-ge57f7f99b4 (webtiles) character file.

Game seed: 5983704718775195582

65086 freelancePsychic the Warrior (level 14, -1/137 HPs)
             Began as a Red Draconian Berserker on May 22, 2022.
             Was a High Priest of Trog.
             Slain by a polar bear (3 damage)
             ... on level 6 of the Lair of Beasts.
             The game lasted 00:36:57 (21466 turns).

freelancePsychic the Warrior (DrBe)                Turns: 21466, Time: 00:36:58

Health: -1/137     AC: 11    Str: 20    XL:     14   Next: 74%
Magic:  23/23      EV: 13    Int: 12    God:    Trog [*****.]
Gold:   514        SH: 24    Dex: 15    Spells: 13/13 levels left

rFire   + + .      SeeInvis .   a - +7 broad axe (vorpal)
rCold   . . .      Faith    .   l - +7 tower shield "Maorphea" {rPois}
rNeg    . . .      Spirit   .   (body armour unavailable)
rPois   +          Reflect  .   r - +1 hat
rElec   .          Harm     .   z - scarf {+Inv}
rCorr   +          Rampage  .   M - +0 pair of gloves "Bayn" {Will+ Regen+}
Will    ++...                   k - +0 pair of boots
Stlth   +++.......              (no amulet)
HPRegen 1.12/turn               i - ring of resist corrosion
MPRegen 0.18/turn               H - ring of Goineff {rF+ MP+9 Int+4}

@: on berserk cooldown, slowed, very slow
A: breathe fire, AC +8, unfitting armour, fire resistance 1, cold-blooded
a: Breathe Fire, Renounce Religion, Evoke Invisibility, Berserk, Trog's Hand,
Brothers in Arms


You were on level 6 of the Lair of Beasts.
You worshipped Trog.
Trog was extremely pleased with you.
You visited 2 branches of the dungeon, and saw 16 of its levels.
You also visited: Bailey and Gauntlet.

You collected 951 gold pieces.
You spent 437 gold pieces at shops.

Inventory:

Hand Weapons
 a - a +7 vorpal broad axe (weapon)
 b - a +1 whip of electrocution
Missiles
 q - 18 boomerangs
 N - 5 javelins
Armour
 k - a +0 pair of boots (worn)
 l - the +7 tower shield "Maorphea" (worn) {rPois}
   (You bought it in a shop on level 3 of the Dungeon)

   rPois:     It protects you from poison.
 r - a +1 hat (worn)
 z - a scarf of invisibility (worn)
 M - the +0 pair of gloves "Bayn" (worn) {Will+ Regen+}
   (You found it in a Gauntlet)

   Regen:     It increases your rate of health regeneration.
   Will:      It increases your willpower.
Jewellery
 i - a ring of resist corrosion (left hand)
 o - a ring of protection from fire
 D - a ring of willpower
 E - a ring of flight
 H - the ring of Goineff (right hand) {rF+ MP+9 Int+4}
   (You found it in a Gauntlet)

   [ring of magical power]

   Int:       It affects your intelligence (+4).
   rF:        It protects you from fire.
   MP:        It affects your magic capacity (+9).
 O - a +6 ring of intelligence
Wands
 t - a wand of acid (6)
 K - a wand of iceblast (15)
 P - a wand of digging (6)
Scrolls
 f - a scroll of fear
 m - a scroll of amnesia
 n - a scroll of vulnerability {unknown}
 p - 4 scrolls of immolation
 u - 6 scrolls of teleportation {@r4}
 G - 2 scrolls of magic mapping
 I - 2 scrolls of fog
 J - a scroll of silence
 Q - a scroll of summoning
 W - a scroll of poison
Potions
 c - 2 potions of magic {unknown}
 d - 3 potions of cancellation
 e - 3 potions of flight {unknown}
 g - 6 potions of might
 h - 8 potions of curing {@q1}
 j - 5 potions of degeneration {unknown}
 s - 3 potions of invisibility {unknown}
 v - 4 potions of lignification {unknown}
 w - 2 potions of attraction {unknown}
 x - 2 potions of berserk rage {unknown}
 y - 4 potions of haste {unknown}
 A - 2 potions of mutation {unknown}
 L - a potion of heal wounds {unknown}
 V - a potion of ambrosia
Miscellaneous
 R - a phantom mirror
 S - a tin of tremorstones (2/2)


   Skills:
 + Level 16.3 Fighting
 + Level 10.8(13.0) Axes
 - Level 11.6(13.4) Maces & Flails
 - Level 7.1 Dodging
 - Level 5.7 Stealth
 + Level 12.3 Shields
 - Level 4.3 Evocations


You had 13 spell levels left.
You didn't know any spells.
Your spell library was empty.

Dungeon Overview and Level Annotations

Branches:
Dungeon (10/15)            Temple (0/1) D:4            Lair (6/6) D:9
 Shoals (0/4) Lair:2       Spider (0/4) Lair:3        Slime (0/5) Lair:5
    Orc (0/2) D:10         Bailey (visited)         Gauntlet (visited)

Altars:
Ashenzari
Elyvilon
Fedhas
Gozag
Hepliaklqana
Makhleb
Okawaru
Qazlal
Ru
Sif Muna
Uskayaw
Wu Jian
Xom
Beogh
Jiyva

Shops:
D:3 *   D:5 !=[   D:8 [*?[

Annotations:
Lair:2 2 transporters, Gastronok; Sonja; holysushi's ghost, journeyman OpTm


Innate Abilities, Weirdness & Mutations

You can breathe blasts of fire.
Your fiery red scales are hard. (AC +8)
You cannot fit into any form of body armour.
Your flesh is heat resistant. (rF+)
You are cold-blooded and may be slowed by cold attacks.


Message History

The polar bear claws you but does no damage. x2
You slash the warg!
The warg is almost dead.
You hit the polar bear. You slash the polar bear! The warg bites you!
* * * LOW HITPOINT WARNING * * *
You block the polar bear's attack. x2; The polar bear closely misses you.
The polar bear goes berserk!
The warg barely misses you.
You barely miss the warg.
The warg is almost dead.
You closely miss the polar bear. You hit the polar bear.
You block the polar bear's attack. x2; The polar bear misses you.
The warg bites you but does no damage. You block the polar bear's attack.
The polar bear claws you but does no damage. x2
The polar bear closely misses you. x2; You block the polar bear's attack.
The warg bites you!
* * * LOW HITPOINT WARNING * * *
The polar bear bites you!
* * * LOW HITPOINT WARNING * * *
The polar bear claws you but does no damage. x2
You block the polar bear's attack. The polar bear closely misses you.
The polar bear barely misses you.
You closely miss the polar bear.
The polar bear is severely wounded.
You closely miss the polar bear. You hit the warg.
You kill the warg!
Trog accepts your kill. You block the polar bear's attack. x3
A black mamba comes into view.
The wolf bites you!
* * * LOW HITPOINT WARNING * * *
You block the polar bear's attack. The polar bear closely misses you.
The polar bear claws you but does no damage.
You block the polar bear's attack. The polar bear completely misses you.
The polar bear claws you but does no damage.
The polar bear bites you but does no damage.
The polar bear claws you.
* * * LOW HITPOINT WARNING * * *
The polar bear misses you. The polar bear closely misses you.
The polar bear claws you.
You die...

##P ## . ######## ####
.. #.#..#P##########...
... #(...#P##.#.#.#....
#...###†...#.#[...†.....
#......†.#........#...
#..##.†††#..†.#[..#.###
##@h#†##†.#######
#..hh#####.†# #....h#
#..... #}....## ###.....
#..... ##..h... #.#....
##.#.. # #..S? ## .
.#.#.


You could see 2 polar bears, a black mamba (wandering), a warg and a wolf.

Vanquished Creatures
  A reaper (Gauntlet)
  A minotaur (Gauntlet)
  2 vault guards (Bailey)
  4 hydras
  A two-headed ogre (D:10)
  Erica (D:8)
  6 death yaks
  A thrashing horror (Gauntlet)
  An oklob plant (Gauntlet)
  17 elephants
  A merfolk siren (Lair:2)
  8 black mambas
  A torpor snail (Lair:4)
  15 cane toads
  Maggie (D:6)
  A minotaur zombie (Gauntlet)
  11 komodo dragons
  Psyche (D:8)
  5 rime drakes
  2 kobold demonologists (D:9)
  9 polar bears
  2 trolls (D:10)
  3 merfolk (Lair:2)
  Prince Ribbit (Bailey)
  A hornet (D:10)
  42 blink frogs
  4 dream sheep (Lair:6)
  A raiju (Lair:6)
  56 yaks
  2 shadows
  A vampire (D:10)
  6 wyverns
  A basilisk (Lair:1)
  Grum (D:8)
  4 steam dragons
  5 humans (Bailey)
  3 small abominations (Gauntlet)
  A redback (Lair:3)
  Menkaure (D:5)
  3 wargs (Lair:6)
  2 acid dragons
  11 water moccasins
  4 hell hounds (Lair:6)
  3 ice beasts
  15 black bears
  7 orc warriors
  5 ogres
  24 wolves
  4 centaurs
  6 kobold brigands
  A phantom (D:5)
  24 bullfrogs
  3 necrophages
  5 scorpions
  6 gnoll sergeants
  7 wights
  7 killer bees
  6 howler monkeys
  An electric eel (Lair:3)
  5 jellies
  2 hounds (D:5)
  6 orc priests
  2 gnoll shamans
  5 iguanas
  28 gnolls
  12 adders
  3 shadow imps
  2 white imps
  2 worms (D:2)
  A dart slug (D:2)
  40 orcs
  3 ball pythons
  6 bats
  5 endoplasms
  A giant cockroach (D:3)
  11 goblins
  5 hobgoblins
  7 jackals (D:2)
  4 quokkas
  3 frilled lizards (D:1)
  13 kobolds
  6 rats
541 creatures vanquished.

Vanquished Creatures (collateral kills)
  A komodo dragon (D:9)
  4 yaks (D:9)
  A bullfrog (D:9)
  A wight (D:9)
7 creatures vanquished.

Vanquished Creatures (others)
  A demonic plant (Gauntlet)
  41 fungi
  61 plants
103 creatures vanquished.

Grand Total: 651 creatures vanquished

Notes
Turn   | Place    | Note
-------+----------+-------------------------------------------
     0 | D:1      | freelancePsychic the Draconian Berserker began the quest
                  | for the Orb.
     0 | D:1      | Reached XP level 1. HP: 19/19 MP: 1/1
   182 | D:1      | Reached XP level 2. HP: 19/26 MP: 2/2
  1122 | D:2      | Reached XP level 3. HP: 33/33 MP: 3/3
  1732 | D:2      | Reached skill level 1 in Stealth
  1732 | D:2      | Reached XP level 4. HP: 40/40 MP: 4/4
  1873 | D:2      | Reached skill level 4 in Fighting
  1875 | D:2      | Reached ** piety under Trog
  2341 | D:3      | Found a large runed translucent door.
  2341 | D:3      | Found a large runed translucent door.
  2487 | D:3      | Reached XP level 5. HP: 44/46 MP: 5/5
  2674 | D:3      | Found Vuukefid's Jewellery Shop.
  2676 | D:3      | Identified the +1 long sword of Cheese {drain, rF+++ Int-3}
  2730 | D:3      | Found Viqaix's Assorted Antiques.
  3100 | D:3      | Found a shimmering altar of Xom.
  3112 | D:3      | Found an iron altar of Okawaru.
  3227 | D:4      | Reached skill level 5 in Maces & Flails
  3486 | D:4      | Found a staircase to the Ecumenical Temple.
  3494 | D:4      | Reached XP level 6. HP: 37/53 MP: 6/6
  3631 | D:4      | Found a stormy altar of Qazlal.
  3735 | D:4      | Found a hazy altar of Hepliaklqana.
  4224 | D:5      | Entered Level 5 of the Dungeon
  4437 | D:5      | Noticed Menkaure
  4447 | D:5      | Killed Menkaure
  4448 | D:5      | Reached skill level 5 in Fighting
  4449 | D:5      | Noticed an orc warrior
  4453 | D:5      | Your scales start taking on a fiery red colour.
  4453 | D:5      | Reached XP level 7. HP: 42/61 MP: 7/7
  4453 | D:5      | Gained mutation: Your flesh is heat resistant. (rF+) [Red
                  | Draconian growth]
  4809 | D:5      | Found Tonuent's Distillery.
  4819 | D:5      | Bought a potion of might for 56 gold pieces
  4819 | D:5      | Bought a potion of curing for 42 gold pieces
  4926 | D:5      | Found Meogaluh's Jewellery Shop.
  4951 | D:5      | Found Uqeuss's Armour Shoppe.
  5049 | D:5      | Bought a +0 pair of boots for 49 gold pieces
  5099 | D:5      | Reached skill level 6 in Fighting
  5255 | D:5      | Reached XP level 8. HP: 67/70 MP: 8/8
  5958 | D:5      | Found a sacrificial altar of Ru.
  6001 | D:5      | Found a broken altar of Ashenzari.
  6262 | D:5      | Found the +7 staff of the Meek {protect, meekguard}
  6432 | D:6      | Found a blossoming altar of Fedhas.
  6432 | D:6      | Found a burning altar of Makhleb.
  6481 | D:6      | Reached skill level 5 in Stealth
  6580 | D:6      | Reached skill level 7 in Fighting
  6674 | D:6      | Reached *** piety under Trog
  6706 | D:6      | Noticed Maggie
  6714 | D:6      | Killed Maggie
  6715 | D:6      | Reached XP level 9. HP: 79/79 MP: 9/9
  6920 | D:6      | Found a hide-covered altar of Uskayaw.
  7459 | D:7      | Found an opulent altar of Gozag.
  7619 | D:7      | Noticed a komodo dragon
  7634 | D:7      | Reached skill level 8 in Fighting
  7639 | D:7      | Killed a komodo dragon
  7640 | D:7      | Reached skill level 10 in Maces & Flails
  8069 | D:8      | Found an ornate altar of the Wu Jian Council.
  8118 | D:8      | Reached XP level 10. HP: 73/90 MP: 10/10
  8118 | D:8      | Noticed Grum
  8136 | D:8      | Killed Grum
  8138 | D:8      | Noticed Psyche
  8151 | D:8      | Killed Psyche
  8172 | D:8      | Found a flagged portal.
  8185 | D:8      | Reached skill level 5 in Dodging
  8194 | Bailey   | Entered a bailey
  8327 | Bailey   | Reached **** piety under Trog
  8336 | Bailey   | Reached skill level 9 in Fighting
  8530 | Bailey   | Noticed Prince Ribbit
  8530 | Bailey   | Noticed a vault guard
  8550 | Bailey   | Killed a vault guard
  8573 | Bailey   | Noticed a vault guard
  8616 | Bailey   | Killed Prince Ribbit
  8683 | Bailey   | Killed a vault guard
  8684 | Bailey   | Reached skill level 10 in Fighting
  8867 | D:8      | Noticed Erica
  8873 | D:8      | Found Noesmeros's Assorted Antiques.
  8884 | D:8      | Killed Erica
  8885 | D:8      | Reached skill level 1 in Axes
  8885 | D:8      | Reached XP level 11. HP: 99/101 MP: 11/11
  8948 | D:8      | Found Omidwup's Magic Scroll Shop.
  8996 | D:8      | Found Aploxa's Armour Emporium.
  9294 | D:8      | Found a shimmering blue altar of Sif Muna.
  9295 | D:8      | Found Juba's Armour Shop.
  9677 | D:3      | Bought a polished tower shield for 218 gold pieces
  9677 | D:3      | Identified the +7 tower shield "Maorphea" {rPois} (You
                  | bought it in a shop on level 3 of the Dungeon)
  9801 | D:8      | Bought a scroll of identify for 48 gold pieces
  9801 | D:8      | Bought a scroll labelled NEGRIF PIOP for 24 gold pieces
  9840 | D:9      | Reached skill level 1 in Shields
  9846 | D:9      | Noticed a sixfirhy
  9979 | D:9      | Reached skill level 11 in Fighting
 10271 | D:9      | Reached skill level 5 in Shields
 11199 | D:9      | Found a white marble altar of Elyvilon.
 11217 | D:9      | Reached skill level 1 in Evocations
 11508 | D:9      | Found a staircase to the Lair.
 11561 | D:9      | Reached ***** piety under Trog
 11646 | D:10     | Entered Level 10 of the Dungeon
 11864 | D:10     | Noticed a two-headed ogre
 11876 | D:10     | Killed a two-headed ogre
 11977 | D:10     | Found a staircase to the Orcish Mines.
 12245 | D:10     | Reached skill level 12 in Fighting
 12373 | D:10     | Reached XP level 12. HP: 112/112 MP: 12/12
 13075 | Lair:1   | Entered Level 1 of the Lair of Beasts
 14658 | Lair:2   | Noticed Sonja
 15328 | Lair:2   | Reached skill level 13 in Fighting
 15328 | Lair:2   | Reached skill level 5 in Axes
 15687 | Lair:2   | Noticed Gastronok
 15694 | Lair:2   | Found a staircase to the Shoals.
 16093 | Lair:2   | Noticed holysushi's ghost (journeyman OpTm)
 16099 | Lair:2   | Found a transporter.
 16102 | Lair:2   | Found a transporter.
 16683 | Lair:3   | Noticed an eight-headed hydra
 16693 | Lair:3   | Killed an eight-headed hydra
 16799 | Lair:3   | Found a hole to the Spider Nest.
 16859 | Lair:3   | Received a gift from Trog
 16860 | Lair:3   | Reached XP level 13. HP: 51/122 MP: 13/13
 17655 | Lair:4   | Found a gate leading to a gauntlet.
 17676 | Gauntlet | Entered a Gauntlet
 17676 | Gauntlet | Found a transporter.
 17676 | Gauntlet | Found a transporter.
 17739 | Gauntlet | Found a transporter.
 17757 | Gauntlet | Found a transporter.
 17757 | Gauntlet | Found a transporter.
 17759 | Gauntlet | Found a transporter.
 17759 | Gauntlet | Found a transporter.
 17774 | Gauntlet | Found a transporter.
 17789 | Gauntlet | Found a transporter.
 17799 | Gauntlet | Found a transporter.
 17814 | Gauntlet | Found a transporter.
 17826 | Gauntlet | Found a transporter.
 17833 | Gauntlet | Found a transporter.
 17845 | Gauntlet | Found a transporter.
 17882 | Gauntlet | Noticed a reaper
 17980 | Gauntlet | Killed a reaper
 17994 | Gauntlet | Reached skill level 14 in Fighting
 18211 | Gauntlet | Identified the ring of Goineff {rF+ MP+9 Int+4}
 18267 | Gauntlet | Identified the +1 helmet of Ofumpaun {rF+++ Regen+ Str+3
                  | Int-3}
 18334 | Gauntlet | Identified the +0 pair of gloves "Bayn" {Will+ Regen+}
 18549 | Gauntlet | Noticed a minotaur
 18569 | Gauntlet | Killed a minotaur
 19001 | Lair:4   | Reached skill level 10 in Shields
 19958 | Lair:5   | Reached skill level 15 in Fighting
 20163 | Lair:5   | Reached XP level 14. HP: 121/135 MP: 14/14
 20243 | Lair:5   | Found a staircase to the Slime Pits.
 20249 | Lair:5   | Found a viscous altar of Jiyva.
 20617 | Lair:6   | Entered Level 6 of the Lair of Beasts
 20837 | Lair:6   | Reached skill level 10 in Axes
 21028 | Lair:6   | Reached skill level 16 in Fighting
 21466 | Lair:6   | HP: 5/137 [wolf (7)]
 21466 | Lair:6   | HP: 2/137 [polar bear (3)]
 21466 | Lair:6   | Slain by a polar bear

Illustrated notes

Levels and vault maps discovered:
D:1:      dpeg_arrival_water_fire, layout_basic
D:2:      layout_rooms
D:3:      layout_loops_ring, jmf_multi_god_temple2, serial_shops, shop,
          nicolae_shop_waterfront, kennysheep_generic_room_4
D:4:      layout_cave_pods, mainiacjoe_overflow_paths,
          mainiacjoe_overflow_brackets, temple_green
D:5:      layout_basic, cheibrodos_ashenzari_chains,
          mainiacjoe_overflow_cross_hatched, serial_shops, shop,
          nicolae_shop_stone, shop, pf_guarded_unrand_meek, uniq_menkaure
D:6:      layout_loops_ring, gammafunk_temple_overflow_wave,
          lemuel_crystal_altar, uniq_maggie
D:7:      minmay_spotlight, layout_rooms, nicolae_gozag_seed_capital
D:8:      kennysheep_steamy, layout_cave_pools, nicolae_sif_muna_condensation,
          pdpol_wu_jian_five_deadly_venoms, serial_shops, nicolae_shop_trees,
          shop, shop, kennysheep_mini_moat, enter_bailey_5,
          minmay_misc_feat_tower, minmay_bent, uniq_erica, uniq_psyche,
          uniq_grum
D:9:      layout_cave_pools, elyvilon_altar_5, grunt_lair_entry_orc_guard_hut,
          serial_park, serial_park_gazebo [serial_park_minivault_5x5_3],
          serial_park_square3 [serial_park_minivault_5x5_2],
          serial_park_tiny_pond, kennysheep_minor_cross,
          minmay_misc_feat_rugged, grunt_decor_cap
D:10:     layout_loops_corners, kennysheep_orc_monster_closet_entryway
Lair:1:   layout_hall_layers, serial_bayou_lagoon_a
Lair:2:   layout_loops_ring, elwin_shoals_entry_stream, gammafunk_ghost_hive,
          infiniplex_staircase_pool, grunt_megastairs_4, uniq_amaemon,
          uniq_gastronok, uniq_sonja
Lair:3:   layout_hall_layers, spider_nest_entry_rubble, st_stairs_8,
          serial_bayou_shore_a
Lair:4:   nzn_winding_woodlands_small [nzn_winding_woodlands_5x15_split_checker,
          nzn_winding_woodlands_center_lodge,
          nzn_winding_woodlands_5x15_zeroes], layout_cellular_growth,
          gauntlet_entry_generic, grunt_megastairs_1
Lair:5:   layout_gridlike, slime_altar_1
Lair:6:   wormcave, layout_misc_corridors, hangedman_lair_caniforms_friends,
          serial_bayou_pond_a, lemuel_fruit_tree, grunt_megastairs_2

Skill      XL: |  1  2  3  4  5  6  7  8  9 10 11 12 13 14 |
---------------+-------------------------------------------+-----
Dodging        | 3 4 7 |  7.1
Maces & Flails | 4 5 6 7 9 10 11 | 11.6
Stealth        | 1 2 3 4 5 |  5.7
Fighting       | 4 5 6 7 8 10 12 13 15 16 | 16.3
Axes           | 1 2 6 9 10 | 10.8
Shields        | 6 9 11 12 | 12.3
Evocations     | 4 |  4.3

Action                   |  1- 3 |  4- 6 |  7- 9 | 10-12 | 13-15 || total
-------------------------+-------+-------+-------+-------+-------++-------
Melee: Mace              |   109 |       |       |       |       ||   109
       Tailslap          |    15 |     8 |    36 |   119 |    85 ||   263
       Punch             |     1 |     1 |     2 |     1 |       ||     5
       Flail             |     3 |   119 |    84 |       |       ||   206
       Quarterstaff      |       |       |   128 |   589 |       ||   717
       Broad axe         |       |       |       |   108 |   481 ||   589
       Whip              |       |       |       |     4 |    31 ||    35
Throw: Boomerang         |       |       |     1 |       |       ||     1
Invok: Berserk           |     2 |     4 |     1 |    15 |    10 ||    32
       Trog's Hand       |       |       |     1 |     9 |     2 ||    12
 Abil: Breathe Fire      |       |       |    15 |    19 |     7 ||    41
Evoke: Wand              |       |       |       |     7 |       ||     7
       Tin of tremorston |       |       |       |       |     1 ||     1
  Use: Scroll            |     1 |     2 |     6 |    15 |     7 ||    31
       Potion            |       |       |       |       |     1 ||     1
 Stab: Sleeping          |     2 |     3 |    10 |     3 |     8 ||    26
       Distracted        |       |       |       |     1 |     1 ||     2
Armor: Skin              |    39 |    70 |    88 |   316 |   182 ||   695
Dodge: Dodged            |    64 |    99 |   157 |   623 |   258 ||  1201
Block: Tower shield      |       |       |       |   102 |   788 ||   890

Table legend: (Time is in decaauts)
 A = Elapsed time spent in this place.
 B = Non-inter-level travel time spent in this place.
 C = Inter-level travel time spent in this place.
 D = Time resting spent in this place.
 E = Time spent auto-exploring this place.
 F = Levels seen in this place.
 G = Mean time per level.
                   A        B        C        D        E       F      G
               +--------+--------+--------+--------+--------+-----+--------+
         Total |  21955 |  21062 |    893 |   2608 |  14536 |  18 | 1219.7 |
       Dungeon |  12593 |  11853 |    740 |   1292 |   8544 |  10 | 1259.3 |
          Lair |   7618 |   7466 |    152 |    978 |   5034 |   6 | 1269.7 |
        Bailey |    663 |    663 |      0 |    113 |    323 |   1 |  663.0 |
      Gauntlet |   1080 |   1080 |      0 |    224 |    634 |   1 | 1080.0 |
               +--------+--------+--------+--------+--------+-----+--------+

Top non-repeatable levels by time:
  Lair:2: 2325 daAuts
     D:5: 1969 daAuts
     D:9: 1797 daAuts
    D:10: 1432 daAuts
  Lair:4: 1330 daAuts
     D:4: 1325 daAuts
  Lair:1: 1286 daAuts
     D:2: 1182 daAuts
     D:1: 1122 daAuts
Gauntlet: 1080 daAuts
  Lair:3: 1064 daAuts
     D:8: 1010 daAuts
     D:3: 990 daAuts
     D:7: 906 daAuts
  Lair:5: 858 daAuts
